 Dungeon Crawl Stone Soup version 0.20.1-1-g8b1a95d (webtiles) character file.

1890 Reinor the Nimble (level 8, 0/36 HPs)
             Began as a Spriggan Earth Elementalist on July 6, 2017.
             Slain by a centaur (8 damage)
             ... on level 6 of the Dungeon.
             The game lasted 00:21:10 (6834 turns).

Reinor the Nimble (Spriggan Earth Elementalist)     Turns: 6834, Time: 00:21:10

Health: 0/36       AC:  2    Str:  4    XL:     8   Next: 92%
Magic:  20/20      EV: 24    Int: 18    God:
Gold:   207        SH:  0    Dex: 17    Spells: 12/22 levels left

rFire    . . .     SeeInvis +   x - +11 hunting sling "Beastslayer" {velocity, rC++}
rCold    + + .     Gourm    .   (shield restricted)
rNeg     . . .     Faith    .   c - +0 robe
rPois    .         Spirit   .   (helmet restricted)
rElec    .         Reflect  .   (no cloak)
rCorr    +         Harm     .   (gloves unavailable)
MR       ++...                  (boots unavailable)
Stlth    ++........             (no amulet)
Regen    0.2/turn               z - ring of protection from magic
MPRegen  0.2/turn               E - ring of resist corrosion

@: very quick
A: unfitting armour, see invisible, herbivore 3, speed 3, slow metabolism 2
a: no special abilities


You were on level 6 of the Dungeon.
You were not hungry.

You visited 1 branch of the dungeon, and saw 6 of its levels.

You collected 207 gold pieces.

Inventory:

Hand Weapons
 p - a +0 blowgun
 x - the +11 hunting sling "Beastslayer" (weapon) {velocity, rC++}
   (You found it on level 4 of the Dungeon)

   Any stone fired from it inflicts extra damage.
   It greatly protects you from cold.
 D - the +5 flail of the Extremes {flame, Dex+3}
   (You found it on level 4 of the Dungeon)

   It has been specially enchanted to burn those struck by it, causing extra
   injury to most foes and up to half again as much damage against particularly
   susceptible opponents.
   It affects your dexterity (+3).
Missiles
 b - 90 stones (quivered)
 o - 26 poisoned needles
 r - 3 curare-tipped needles
Armour
 c - a +0 robe (worn)
Jewellery
 z - a ring of protection from magic (left hand)
 C - an uncursed ring of protection from magic
 E - a ring of resist corrosion (right hand)
Wands
 u - a wand of flame (21/48)
 G - a wand of polymorph (5/24)
 H - a wand of clouds (3/9)
Scrolls
 f - a scroll of immolation {unknown}
 h - 4 scrolls of remove curse
 q - 2 scrolls of amnesia
 t - a scroll of blinking
 v - a scroll of fog {unknown}
 w - 2 scrolls of enchant weapon {unknown}
 y - a scroll of identify
 B - 2 scrolls of magic mapping {unknown}
 F - a scroll of teleportation {unknown}
Potions
 a - a potion of brilliance {unknown}
 g - 2 potions of cancellation
 i - 2 potions of heal wounds {unknown}
 k - 2 potions of mutation {unknown}
 l - 4 potions of curing
 m - 2 potions of magic {unknown}
 n - 2 potions of might {unknown}
 s - 2 potions of lignification {unknown}
 A - a potion of berserk rage {unknown}
Books
 e - a book of Geomancy

   Spells                             Type                      Level
   a - Sandblast                      Earth                        1
   b - Passwall                       Transmutation/Earth          2
   c - Stone Arrow                    Conjuration/Earth            3
   d - Petrify                        Transmutation/Earth          4
   e - Lee's Rapid Deconstruction     Earth                        5
Comestibles
 d - 3 bread rations
 j - 3 fruits


   Skills:
 - Level 8.4 Dodging
 - Level 3.0 Stealth
 + Level 7.8 Spellcasting
 + Level 2.3 Conjurations
 + Level 4.3 Transmutations
 + Level 6.6 Earth Magic


You had 12 spell levels left.
You knew the following spells:

 Your Spells              Type           Power        Failure   Level  Hunger
a - Sandblast             Erth           ####..       1%          1    None
b - Passwall              Tmut/Erth      ####......   1%          2    None
c - Stone Arrow           Conj/Erth      ###...       4%          3    #......
d - Petrify               Tmut/Erth      ####....     11%         4    ###....


Dungeon Overview and Level Annotations

Branches:
Dungeon (6/15)
 Temple: D:4-7

Altars:
Ashenzari
Dithmenos
Fedhas
Sif Muna
Trog


Innate Abilities, Weirdness & Mutations

You are very small and have problems with some larger weapons.
You are too small for most types of armour.
You have supernaturally acute eyesight. (SInv)
You are a herbivore.
You cover ground extremely quickly.
You need consume almost no food.


Message History

Press: ? - help, Shift-Dir - straight line, f/p - adder
Aim: an adder (heavily wounded)
You shoot a stone. The stone hits the centaur.
The centaur is moderately wounded.
The centaur completely misses you.
Firing (i - inventory):
b - 92 stones (quivered)
Press: ? - help, Shift-Dir - straight line, f/p - adder
Aim: an adder (heavily wounded)
You shoot a stone. The stone hits the centaur.
The centaur is heavily wounded.
The centaur hits you!
* * * LOW HITPOINT WARNING * * *
The centaur barely misses you.
Firing (i - inventory):
b - 91 stones (quivered)
Press: ? - help, Shift-Dir - straight line, f/p - adder
Aim: an adder (heavily wounded)
You shoot a stone. The stone hits the centaur!
The centaur is almost dead.
The centaur hits you!
You die...

#. #. #. #. #. ### ### ##.
##.# #.# #..
##############..## ##.## ##..
#....(...(Sc@...(# #...# #...
#=##############.###.#)###.#.
#)#### #..#..#..#..#. #>(ac#
##...###...##. #.##S.# #...#
#...### #.# .# ##.## ##.##
#.# .# ### ### #.# .. #(# .


You could see a centaur and an adder.

Vanquished Creatures
  Pikel (D:4)
  Edmund (D:5)
  Duvessa (D:5)
  2 ice beasts (D:6)
  3 centaurs
  2 ogres
  Dowan (D:5)
  A scorpion (D:4)
  A bullfrog zombie (D:5)
  2 orc priests (D:5)
  A centaur skeleton (D:4)
  2 hounds (D:5)
  6 orc wizards
  2 worker ants
  An iguana (D:6)
  5 adders
  4 worms
  3 leopard geckos
  15 orcs
  2 ball pythons
  6 giant cockroaches
  4 goblins
  11 hobgoblins
  3 kobolds
  2 quokkas
  8 bats
  8 frilled lizards
  A leopard gecko skeleton (D:5)
  A quokka zombie (D:5)
  11 rats
111 creatures vanquished.

Vanquished Creatures (others)
  An adder (D:3)
  A frilled lizard (D:4)
2 creatures vanquished.

Grand Total: 113 creatures vanquished

Notes
Turn   | Place    | Note
-------+----------+-------------------------------------------
     0 | D:1      | Reinor the Spriggan Earth Elementalist began the quest for the Orb.
     0 | D:1      | Reached XP level 1. HP: 9/9 MP: 5/5
   279 | D:1      | Reached XP level 2. HP: 13/13 MP: 7/7
   284 | D:1      | Learned a level 2 spell: Passwall
  1006 | D:1      | Reached skill level 4 in Dodging
  1890 | D:2      | Reached XP level 3. HP: 16/16 MP: 5/8
  2804 | D:2      | Reached XP level 4. HP: 10/21 MP: 5/10
  3643 | D:3      | Reached skill level 5 in Dodging
  3803 | D:4      | Reached XP level 5. HP: 24/24 MP: 4/12
  4076 | D:4      | Learned a level 3 spell: Stone Arrow
  4081 | D:4      | Learned a level 4 spell: Petrify
  4230 | D:4      | Got a brightly glowing hunting sling
  4231 | D:4      | Identified the +11 hunting sling "Beastslayer" {velocity, rC++} (You found it on level 4 of the Dungeon)
  4814 | D:4      | Noticed a slave
  4815 | D:4      | Noticed a slave
  4836 | D:4      | Noticed a slave
  4838 | D:4      | Noticed Pikel
  4840 | D:4      | Noticed a slave
  4888 | D:4      | Killed Pikel
  4888 | D:4      | Reached skill level 7 in Dodging
  4888 | D:4      | Reached skill level 5 in Spellcasting
  4888 | D:4      | Reached skill level 5 in Earth Magic
  4888 | D:4      | Reached XP level 6. HP: 11/28 MP: 3/15
  4888 | D:4      | Reached XP level 7. HP: 12/32 MP: 3/16
  5160 | D:4      | Noticed a moth of wrath
  5162 | D:4      | Found a bloodstained altar of Trog.
  5212 | D:4      | Got an encrusted flail
  5217 | D:4      | Identified the +5 flail of the Extremes {flame, Dex+3} (You found it on level 4 of the Dungeon)
  5416 | D:5      | Entered Level 5 of the Dungeon
  5459 | D:5      | Noticed Duvessa
  5459 | D:5      | Noticed Dowan
  5491 | D:5      | Killed Dowan
  5567 | D:5      | Killed Duvessa
  5567 | D:5      | Reached skill level 8 in Dodging
  5568 | D:5      | Reached XP level 8. HP: 26/36 MP: 18/18
  5909 | D:5      | Noticed Edmund
  5928 | D:5      | Killed Edmund
  5928 | D:5      | Reached skill level 1 in Conjurations
  6267 | D:5      | Found a deep blue altar of Sif Muna.
  6281 | D:5      | Found a blossoming altar of Fedhas.
  6282 | D:5      | Found a shattered altar of Ashenzari.
  6283 | D:5      | Found a shadowy altar of Dithmenos.
  6834 | D:6      | Slain by a centaur

Skill      XL: |  1  2  3  4  5  6  7  8 |
---------------+-------------------------+-----
Spellcasting   | 3 4 5 6 7 |  7.8
Dodging        | 4 5 7 8 |  8.4
Earth Magic    | 3 5 6 |  6.6
Transmutations | 4 |  4.3
Conjurations   | 2 |  2.3
Stealth        | |  3.0

Action                   |  1- 3 |  4- 6 |  7- 9 || total
-------------------------+-------+-------+-------++-------
Melee: Dagger            |   108 |    45 |       ||   153
       Short sword       |       |     4 |       ||     4
 Fire: Hunting sling     |       |    16 |   129 ||   145
 Cast: Sandblast         |    38 |    43 |     6 ||    87
       Passwall          |       |     1 |       ||     1
       Stone Arrow       |       |       |     2 ||     2
  Use: Scroll            |     4 |     3 |     2 ||     9
       Potion            |       |     1 |       ||     1
 Stab: Sleeping          |     6 |     7 |       ||    13
  Eat: Fruit             |       |     1 |       ||     1
       Royal jelly       |       |       |     1 ||     1
Armor: Robe              |    13 |     8 |       ||    21
Dodge: Dodged            |   124 |    79 |    68 ||   271
